 Dungeon Crawl Stone Soup version 0.26.1-11-gd32895ea62 (webtiles) character file.

Game seed: 6850622582719791055

287 Almogavar the Digger (level 6, -1/32 HPs)
             Began as a Gargoyle Earth Elementalist on May 8, 2021.
             Slain by an orc warrior
             ... wielding a +0 battleaxe
              (20 damage)
             ... on level 3 of the Dungeon.
             The game lasted 00:08:47 (2679 turns).

Almogavar the Digger (Gargoyle Earth Elementalist)  Turns: 2679, Time: 00:08:47

Health: -1/32      AC:  9    Str: 12    XL:     6   Next: 30%
Magic:  3/11       EV: 11    Int: 17    God:
Gold:   133        SH:  0    Dex: 10    Spells: 11/12 levels left

rFire    . . .     SeeInvis .   r - +0 flail
rCold    . . .     Faith    .   (no shield)
rNeg     + . .     Spirit   .   j - +0 leather armour
rPois    ∞         Reflect  .   (no helmet)
rElec    +         Harm     .   (no cloak)
rCorr    .         Rampage  .   d - +1 pair of gloves
Will     .....                  (no boots)
Stlth    ++........             (no amulet)
HPRegen  0.10/turn              (no ring)
MPRegen  0.12/turn              (no ring)

@: no status effects
A: negative energy resistance 1, electricity resistance, unbreathing,
petrification resistance, miasma immunity, AC +4
a: no special abilities


You were on level 3 of the Dungeon.
You visited 1 branch of the dungeon, and saw 4 of its levels.

You collected 133 gold pieces.

Inventory:

Hand Weapons
 r - a +0 flail (weapon)
Missiles
 a - 13 bolts
 b - 45 stones
Armour
 c - a +0 robe
 d - a +1 pair of gloves (worn)
 j - a +0 leather armour (worn)
 m - a +0 plate armour
 t - a +0 kite shield
Jewellery
 u - a +6 ring of intelligence
Wands
 p - a wand of digging (3)
Scrolls
 f - a scroll of random uselessness {unknown}
 k - 2 scrolls of fog
 l - a scroll of remove curse
 s - a scroll of immolation {unknown}
 v - a scroll of teleportation {unknown}
Potions
 e - 3 potions of curing
 g - a potion of might
 h - 2 potions of flight {unknown}
 i - 2 potions of heal wounds {unknown}
 n - a potion of magic {unknown}
 o - a potion of haste {unknown}
 q - 2 potions of lignification {unknown}


   Skills:
 + Level 0.3 Maces & Flails
 + Level 0.2 Armour
 + Level 1.7 Dodging
 + Level 2.9 Stealth
 - Level 0.1 Unarmed Combat
 + Level 3.9 Spellcasting
 + Level 0.7 Transmutations
 + Level 6.3 Earth Magic


You had 11 spell levels left.
You knew the following spells:

 Your Spells              Type           Power        Failure   Level
a - Sandblast             Erth           50%          1%          1

Your spell library contained the following spells:

 Spells                   Type           Power        Failure   Level
 Passwall                 Tmut/Erth      12%          7%          2
 Stone Arrow              Conj/Erth      28%          16%         3
 Lee's Rapid Deconstruct  Erth           12%          38%         5
 Petrify                  Tmut/Erth      15%          43%         4


Dungeon Overview and Level Annotations

Branches:
Dungeon (4/15)
 Temple: D:4-7

Altars:
Cheibriados
Elyvilon
Fedhas
Nemelex Xobeh
Wu Jian


Innate Abilities, Weirdness & Mutations

You are resistant to torment.
Your stone body is resilient. (AC +4)
You are immune to poison.
You resist negative energy. (rN+)
You are resistant to electric shocks. (rElec)
You can survive without breathing.
You are immune to petrification.
You are immune to miasma.


Message History

There is a stone staircase leading down here.
Casting: Sandblast (safe; 1% risk of failure)
Confirm with . or Enter, or press ? or * to list all spells.
Aiming: Sandblast (safe; 1% risk of failure)
Press: ? - help, Shift-Dir - straight line, f - orc warrior
Aim: an orc warrior, wielding a +0 battleaxe and wearing a +0 plate armour (lightly wounded, 19% to evade)
The blast of sand hits the orc warrior.
The orc warrior is lightly wounded.
The orc warrior barely misses you.
The orc hits you with a +1 mace of venom.
Casting: Sandblast (safe; 1% risk of failure)
Confirm with . or Enter, or press ? or * to list all spells.
Aiming: Sandblast (safe; 1% risk of failure)
Press: ? - help, Shift-Dir - straight line, f/p - orc warrior
Aim: an orc warrior, wielding a +0 battleaxe and wearing a +0 plate armour (lightly wounded, 19% to evade)
The blast of sand hits the orc warrior.
The orc warrior is moderately wounded.
The orc warrior hits you with a +0 battleaxe!!
Ouch! That really hurt!
You die...

### ###.. ### ##....
####.#### ##.....
#.......# ###....##
#####'######....###
########..............##
#....................##
#.........@........###
#........o.o....######
###
#....................#
#..
####........##.......#
#..
#.......^##.......####..
#######'###.#####....[..
####......÷.†).......
#............#.......
#........###.#......#


You could see an orc warrior and an orc.

Vanquished Creatures
  An ogre (D:4)
  An orc wizard (D:3)
  An orc priest (D:3)
  A gnoll (D:1)
  7 adders
  3 worms (D:2)
  2 dart slugs (D:2)
  A leopard gecko (D:2)
  3 orcs
  3 giant cockroaches
  3 goblins (D:1)
  6 hobgoblins
  3 jackals (D:3)
  A quokka (D:2)
  2 ball pythons (D:3)
  5 bats
  5 frilled lizards
  7 kobolds
  6 rats
61 creatures vanquished.

Notes
Turn   | Place    | Note
-------+----------+-------------------------------------------
     0 | D:1      | Almogavar the Gargoyle Earth Elementalist began the quest
                  | for the Orb.
     0 | D:1      | Reached XP level 1. HP: 10/10 MP: 3/3
   169 | D:1      | Reached skill level 4 in Earth Magic
   237 | D:1      | Reached XP level 2. HP: 15/15 MP: 3/5
   439 | D:1      | Reached XP level 3. HP: 19/19 MP: 4/7
  1282 | D:2      | Reached XP level 4. HP: 24/24 MP: 6/8
  1696 | D:2      | Found a sparkling altar of Nemelex Xobeh.
  1728 | D:2      | Reached skill level 5 in Earth Magic
  2191 | D:3      | Reached XP level 5. HP: 28/28 MP: 6/10
  2341 | D:3      | Found a blossoming altar of Fedhas.
  2564 | D:3      | Found a snail-covered altar of Cheibriados.
  2564 | D:3      | Noticed a torpor snail
  2625 | D:3      | Found an ornate altar of the Wu Jian Council.
  2625 | D:3      | Found a white marble altar of Elyvilon.
  2666 | D:4      | Noticed an ogre
  2667 | D:4      | Noticed an orc warrior
  2669 | D:4      | Killed an ogre
  2670 | D:4      | Reached skill level 6 in Earth Magic
  2670 | D:4      | Reached XP level 6. HP: 32/32 MP: 7/11
  2679 | D:3      | Slain by an orc warrior

Illustrated notes

Levels and vault maps discovered:
D:1:      scummos_arrival_simple_crosswalls, layout_loops_ring,
          minmay_octomino_c4
D:2:      layout_loops_ring, marbit_many_paths
D:3:      layout_basic, cheibriados_altar_2, old_standard_altar,
          gammafunk_temple_overflow_wave, serial_curves, eino_curves_03,
          eino_curves_02, fountainhead
D:4:      layout_cave_pools, nicolae_dithmenos_the_darkroom, okawaru_trees_2,
          serial_shops, kennysheep_little_box, gup_sewer_entry_glass,
          minivault_14

Skill      XL: |  1  2  3  4  5 |
---------------+----------------+-----
Earth Magic    | 4 5 6 |  6.3
Spellcasting   | 3 |  3.9
Maces & Flails | |  0.3
Armour         | |  0.2
Dodging        | |  1.7
Stealth        | |  2.9
Unarmed Combat | |  0.1
Transmutations | |  0.7

Action                   |  1- 3 |  4- 6 || total
-------------------------+-------+-------++-------
Melee: Unarmed           |    20 |       ||    20
       Flail             |       |    24 ||    24
 Cast: Sandblast         |    37 |    49 ||    86
  Use: Scroll            |     4 |     1 ||     5
 Stab: Sleeping          |       |     1 ||     1
Armor: Robe              |     6 |     1 ||     7
       Leather armour    |       |    17 ||    17
Dodge: Dodged            |    21 |    27 ||    48
